 Dungeon Crawl Stone Soup version 0.29-a0-993-g4a18f31a58 (webtiles) character file.

Game seed: 13071138143958827475

588 nicolae the Changer (level 7, 0/56 HPs)
             Began as a Palentonga Transmuter on Aug 2, 2022.
             Succumbed to a water moccasin's poison
             ... in a sewer.
             The game lasted 00:09:39 (6354 turns).

nicolae the Changer (Palentonga Transmuter)         Turns: 6354, Time: 00:09:40

Health: 0/56       AC:  7    Str: 15    XL:     7   Next: 15%
Magic:  10/10      EV:  9    Int: 16    God:
Gold:   213        SH:  0    Dex: 10    Spells: 4/10 levels left

rFire   . . .      SeeInvis +     - Unarmed
rCold   . . .      Faith    .   (no shield)
rNeg    . . .      Spirit   .   a - +0 robe
rPois   .          Reflect  .   (helmet currently unavailable)
rElec   .          Harm     .   s - +1 cloak
rCorr   +          Rampage  .   k - +0 pair of gloves
Will    .....                   (no barding)
Stlth   +.........              (no amulet)
HPRegen 0.18/turn               f - ring of resist corrosion
MPRegen 0.12/turn               (no ring)

@: lethally poisoned (0 -> -15), appendages, on berserk cooldown, slowed,
invisible, very slow
A: horns 2, talons 2, large, rugged brown scales 3, see invisible, deformed
body, roll 2, armoured tail, reflexive curl, robust 1, wild magic 1
a: Rolling Charge, End Transformation


You were in a sewer.
You had temporarily grown beastly horns and talons.
You visited 2 branches of the dungeon, and saw 6 of its levels.
You also visited: Sewer.

You collected 213 gold pieces.

Inventory:

Missiles
 o - 10 poisoned darts
Armour
 a - a +0 robe (worn)
 k - a +0 pair of gloves (worn)
 s - a +1 cloak (worn)
Jewellery
 f - a ring of resist corrosion (left hand)
Scrolls
 b - a scroll of magic mapping {unknown}
 d - a scroll of amnesia {unknown}
 e - 2 scrolls of poison
 i - a scroll of immolation {unknown}
 m - a scroll of silence {unknown}
 n - 4 scrolls of teleportation
 p - 2 scrolls of brand weapon {unknown}
 q - a scroll of fear {unknown}
 r - a scroll of enchant armour {unknown}
 t - a scroll of identify {unknown}
Potions
 c - a potion of cancellation
 l - a potion of flight {unknown}


   Skills:
 - Level 1.0 Fighting
 - Level 1.5 Dodging
 - Level 3.0 Unarmed Combat
 - Level 2.0 Spellcasting
 - Level 5.0 Transmutations
 + Level 4.9 Poison Magic


You had 4 spell levels left.
You knew the following spells:

 Your Spells              Type           Power      Damage    Failure   Level
a - Beastly Appendage     Tmut           44%        N/A       4%          1
b - Wereblood             Tmut           22%        N/A       7%          2
c - Spider Form           Tmut/Pois      22%        N/A       13%         3

Your spell library contained the following spells:

 Spells                   Type           Power      Damage    Failure   Level
 Apportation              Tloc           4%         N/A       28%         1
 Necrotise                Necr           8%         1d4       28%         1
 Summon Small Mammal      Summ           8%         N/A       28%         1
 Call Canine Familiar     Summ           2%         N/A       61%         3
 Portal Projectile        Hex/Tloc       4%         N/A       61%         3
 Stone Arrow              Conj/Erth      4%         3d7       61%         3
 Ice Form                 Ice/Tmut       12%        N/A       67%         4
 Animate Armour           Summ/Erth      4%         N/A       94%         4
 Leda's Liquefaction      Hex/Erth       1%         N/A       94%         4
 Lehudib's Crystal Spear  Conj/Erth      1%         10d2      100%        8


Dungeon Overview and Level Annotations

Branches:
Dungeon (5/15)             Temple (1/1) D:4           Sewer (1/1)

Altars:
Cheibriados
Elyvilon
Fedhas
Hepliaklqana
Makhleb
Nemelex Xobeh
Qazlal
Ru
Sif Muna
Uskayaw
Wu Jian
Xom
Yredelemnul
Zin

Shops:
D:1 (


Innate Abilities, Weirdness & Mutations

You have temporarily grown beastly horns and talons.
You are completely covered in rugged brown scales. (AC +3, +7% HP)
You have supernaturally acute eyesight. (SInv)
Armour fits poorly on your strangely shaped body.
You can roll at foes to attack.
You have a long armoured tail.
You curl defensively after being hit. (AC +7*)
You are robust. (+10% HP)
Your spells are a little harder to cast, but a little more powerful.


Message History

You feel you can roll further.
You feel sick.
The water moccasin bites you but does no damage.
It was a potion of invisibility.
You fade into invisibility!
You feel sick. The water moccasin bites you.
You are lethally poisoned!
The water moccasin poisons you! The water moccasin bites you.
It was a potion of berserk rage.
A red film seems to cover your vision as you go berserk!
You feel yourself moving faster!
You feel mighty!
* * * LOW HITPOINT WARNING * * *
You feel very sick. The water moccasin bites you!
* * * LOW HITPOINT WARNING * * *
You are more poisoned.
The water moccasin poisons you!
You miss the water moccasin.
Your headbutt misses the water moccasin.
You tail-slap the water moccasin!
The water moccasin is almost dead.
* * * LOW HITPOINT WARNING * * *
You feel very sick. The water moccasin closely misses you.
You punch the water moccasin!
You kill the water moccasin!
* * * LOW HITPOINT WARNING * * *
You feel very sick.
You have reached level 7!
You now curl defensively after being hit.
You are too berserk!
* * * LOW HITPOINT WARNING * * *
You feel very sick.
You feel a strong urge to attack something.
* * * LOW HITPOINT WARNING * * *
You feel very sick.
You are no longer berserk.
You are exhausted.
You feel yourself slow down.
You die...

~#.# #~.(
##..~##
#.~~.(#
#...~†##
#~..#
##~.##
#...#
##.@# #.
#~.# #.~
#~.# #~.#
##~~# #.~~
#...#
#.~###..##
#.~.#...#
#.....##
#..~..#


There were no monsters in sight!

Vanquished Creatures
  Menkaure (D:4)
  A water moccasin (Sewer)
  An ice beast (D:4)
  A howler monkey (D:4)
  2 orc priests
  An iguana (D:4)
  3 gnolls (D:3)
  3 adders
  5 worms
  2 dart slugs
  4 orcs (D:3)
  7 ball pythons
  4 bats (D:2)
  3 endoplasms
  7 giant cockroaches
  4 goblins
  5 hobgoblins
  9 jackals
  4 quokkas
  A frilled lizard (D:2)
  7 kobolds
  8 rats
83 creatures vanquished.

Vanquished Creatures (others)
  A gnoll (D:5)
  An orc (D:5)
2 creatures vanquished.

Grand Total: 85 creatures vanquished

Notes
Turn   | Place    | Note
-------+----------+-------------------------------------------
     0 | D:1      | nicolae the Palentonga Transmuter began the quest for the
                  | Orb.
     0 | D:1      | Reached XP level 1. HP: 16/16 MP: 3/3
   138 | D:1      | Found a faded altar of an unknown god.
   289 | D:1      | Found Vagawo's Antique Weapon Shop.
   303 | D:1      | Reached XP level 2. HP: 22/22 MP: 3/5
   345 | D:1      | Reached skill level 3 in Transmutations
  1132 | D:1      | Learned a level 2 spell: Wereblood
  1355 | D:2      | Reached XP level 3. HP: 26/27 MP: 6/6
  1420 | D:2      | Learned a level 3 spell: Spider Form
  2574 | D:3      | Reached skill level 4 in Transmutations
  3002 | D:3      | Reached XP level 4. HP: 33/34 MP: 7/7
  3470 | D:3      | Reached skill level 5 in Transmutations
  3894 | D:3      | Reached skill level 1 in Poison Magic
  3907 | D:3      | Reached XP level 5. HP: 33/39 MP: 1/8
  4615 | D:4      | Noticed an ice beast
  4628 | D:4      | Killed an ice beast
  4847 | D:4      | Reached XP level 6. HP: 30/46 MP: 9/9
  4858 | D:4      | Noticed Menkaure
  4874 | D:4      | Killed Menkaure
  5354 | D:4      | Found a staircase to the Ecumenical Temple.
  5365 | Temple   | Entered the Ecumenical Temple
  5581 | D:4      | Found a snail-covered altar of Cheibriados.
  5779 | D:4      | Identified the +0 leather armour of the Blacksmith {rElec
                  | Dex+2 Slay-4}
  6212 | D:5      | Entered Level 5 of the Dungeon
  6257 | D:5      | Found a glowing drain.
  6264 | Sewer    | Entered a sewer
  6338 | Sewer    | Noticed a water moccasin
  6347 | Sewer    | Gained mutation: Your spells are a little harder to cast,
                  | but a little more powerful. [potion of mutation]
  6347 | Sewer    | Gained mutation: You are robust. (+10% HP) [potion of
                  | mutation]
  6347 | Sewer    | Gained mutation: You can roll at foes to attack. [potion of
                  | mutation]
  6351 | Sewer    | Killed a water moccasin
  6352 | Sewer    | Gained mutation: You curl defensively after being hit. (AC
                  | +7*) [Palentonga growth]
  6352 | Sewer    | Reached XP level 7. HP: 9/56 MP: 10/10
  6353 | Sewer    | HP: 3/84 [poisoned by a water moccasin]
  6354 | Sewer    | Succumbed to a water moccasin's poison

Illustrated notes

Levels and vault maps discovered:
D:1:      lightli_arrival_lavapool, layout_basic, serial_shops, shop,
          basic_ecumenical_altar
D:2:      layout_loops_ring
D:3:      layout_basic
D:4:      layout_cave_pools, slow_altar_1, minmay_temple_entry_proselytizer,
          kennysheep_generic_room_3, uniq_menkaure
D:5:      layout_basic, lemuel_tele_altar, portal_sewer_entry_e,
          grunt_decor_junction, lemuel_flamethrower_2
Temple:   hellmonk_temple_forest_ring
Sewer:    sewer_the_moccasin

Skill      XL: |  1  2  3  4  5  6 |
---------------+-------------------+-----
Transmutations | 3 4 5 |  5.0
Poison Magic   | 1 3 4 |  4.9
Fighting       | |  1.0
Dodging        | |  1.5
Unarmed Combat | |  3.0
Spellcasting   | |  2.0

Action                   |  1- 3 |  4- 6 |  7- 9 || total
-------------------------+-------+-------+-------++-------
Melee: Unarmed           |    94 |   148 |       ||   242
       Headbutt          |     8 |     5 |       ||    13
       Kick              |    13 |    16 |       ||    29
       Tailslap          |     7 |    18 |       ||    25
       Punch             |     1 |     4 |       ||     5
Throw: Dart              |       |     2 |       ||     2
 Cast: Beastly Appendage |    20 |    12 |       ||    32
       Spider Form       |     1 |     2 |       ||     3
       Wereblood         |       |     4 |       ||     4
 Abil: Rolling Charge    |    28 |    15 |       ||    43
  Use: Potion            |       |     8 |       ||     8
       Scroll            |       |     2 |       ||     2
Armor: Robe              |    24 |    62 |       ||    86
       Skin              |       |    17 |       ||    17
Dodge: Dodged            |    30 |    81 |       ||   111

Table legend: (Time is in decaauts)
 A = Elapsed time spent in this place.
 B = Non-inter-level travel time spent in this place.
 C = Inter-level travel time spent in this place.
 D = Time resting spent in this place.
 E = Time spent auto-exploring this place.
 F = Levels seen in this place.
 G = Mean time per level.
                   A        B        C        D        E       F      G
               +--------+--------+--------+--------+--------+-----+--------+
         Total |   6350 |   6238 |    112 |   2215 |   3328 |   7 |  907.1 |
       Dungeon |   6090 |   5991 |     99 |   2215 |   3165 |   5 | 1218.0 |
        Temple |    163 |    150 |     13 |      0 |    139 |   1 |  163.0 |
         Sewer |     96 |     96 |      0 |      0 |     24 |   1 |   96.0 |
               +--------+--------+--------+--------+--------+-----+--------+

Top non-repeatable levels by time:
     D:3: 1903 daAuts
     D:4: 1648 daAuts
     D:2: 1297 daAuts
     D:1: 1187 daAuts
  Temple: 163 daAuts
   Sewer: 96 daAuts
     D:5: 52 daAuts
